Map: Ascension to Aiur LE

Players

Dessa - Winner!

  • Race: Zerg Zerg
  • League: Diamond
  • Spawn Location: 5:00

Mynor

  • Race: Protoss Protoss
  • League: Platinum
  • Spawn Location: 11:00

VOD

Have the link to the VOD?

Description

Time

  • Played on: Dec. 18, 2017, 11:08 a.m.
  • Length: 10:02
Show
View Real Time Build Order
Export as new Build Order

Dessa Zerg - Winner!

Build Orders: Hatch First 

Get SALT Encoding   

  12  0:01  Drone  
  13  0:12  Overlord  
  13  0:17  Drone  
  14  0:32  Drone x2  
  14  0:34  Drone  
  17  0:53  Hatchery  
  17  0:56  Drone  
  17  0:59  Extractor  
  17  1:02  Drone  
  17  1:16  Spawning Pool  
  17  1:18  Drone  
  17  1:22  Drone  
  18  1:37  Drone  
  19  1:48  Drone  
  20  1:59  Overlord  
  20  2:03  Queen  
  20  2:04  Metabolic Boost  
  20  2:06  Zergling x4  
  24  2:14  Queen  
  26  2:19  Drone  
  26  2:20  Drone  
  28  2:26  Drone  
  28  2:28  Drone  
  30  2:35  Drone  
  31  2:39  Queen  
  33  2:45  Overlord  
  33  2:51  Drone  
  34  2:56  Drone  
  34  2:57  Drone  
  36  3:07  Drone x2  
  38  3:21  Drone x3  
  38  3:23  Hatchery  
  38  3:24  Overlord  
  40  3:33  Drone  
  41  3:35  Drone  
  41  3:36  Extractor  
  41  3:38  Drone x3  
  44  3:42  Overlord  
  44  3:54  Drone x2  
  46  3:56  Roach Warren  
  46  3:57  Lair  
  46  3:59  Drone  
  46  4:01  Drone  
  47  4:05  Drone  
  47  4:06  Drone  
  47  4:07  Drone  
  50  4:20  Overlord  
  49  4:32  Drone x2, Evolution Chamber  
  49  4:35  Extractor, Evolution Chamber  
  49  4:36  Extractor, Queen  
  49  4:37  Drone x3  
  49  4:38  Drone x4  
  53  4:42  Drone  
  57  4:50  Roach x3  
  63  4:53  Drone  
  63  4:54  Drone, Overlord  
  63  4:56  Glial Reconstitution  
  65  5:02  Zergling x2  
  65  5:03  Zergling x2  
  65  5:04  Roach  
  65  5:06  Zergling x2  
  70  5:07  Zergling x2  
  70  5:13  Roach x3  
  76  5:21  Zergling x6  
  76  5:22  Zergling x2  
  76  5:24  Zerg Missile Weapons Level 1  
  76  5:26  Zergling x2  
  76  5:28  Overlord x2  
  81  5:45  Overlord  
  81  5:47  Zerg Ground Armor Level 1  
  81  5:56  Roach  
  83  5:57  Zergling x8, Roach x3  
  93  6:07  Drone x2  
  93  6:08  Drone x2  
  93  6:09  Drone x2  
  99  6:12  Drone x2, Extractor x2  
  99  6:16  Overlord x2  
  99  6:21  Roach  
  101  6:32  Roach x2  
  105  6:34  Overlord x2  
  105  6:47  Ravager x6, Hatchery  
  107  6:48  Ravager  
  107  6:49  Overlord x2  
  107  6:50  Drone x3  
  107  6:51  Drone x3  
  107  6:52  Overlord  
  117  6:56  Roach  
  117  6:57  Roach x3  
  112  7:17  Roach  
  112  7:18  Roach  
  116  7:26  Roach  
  116  7:28  Overlord  
  116  7:29  Zerg Missile Weapons Level 2  
  118  7:34  Drone x6, Hydralisk Den  
  118  7:35  Drone x2  
  125  7:43  Pneumatized Carapace  
  125  8:02  Queen  
  127  8:13  Roach x5  
  127  8:14  Roach x5, Hydralisk  
  127  8:15  Hydralisk x5  
  127  8:17  Overlord x2  
  159  8:28  Extractor, Muscular Augments  
  159  8:32  Extractor  
  159  8:33  Infestation Pit  
  156  8:38  Overlord x2  
  156  8:42  Overlord x2  
  156  9:16  Hydralisk x5  
  162  9:21  Lurker Den  
Show
View Real Time Build Order
Export as new Build Order

Mynor Protoss 

Build Orders: 1 Gate Expand, Double Forge 

Get SALT Encoding   

  12  0:00  Probe  
  13  0:13  Probe  
  14  0:21  Pylon  
  14  0:25  Probe  
  15  0:39  Probe (Chrono Boost)  
  15  0:40  Gateway  
  17  0:51  Probe (Chrono Boost)  
  17  0:53  Assimilator  
  18  0:57  Probe (Chrono Boost)  
  18  1:05  Probe  
  19  1:29  Nexus  
  19  1:34  Pylon  
  19  1:39  Zealot  
  21  1:54  Cybernetics Core  
  21  2:03  Probe  
  21  2:06  Zealot  
  21  2:07  Assimilator  
  24  2:15  Probe (Chrono Boost)  
  25  2:27  Probe (Chrono Boost)  
  26  2:31  Pylon  
  26  2:33  Stalker  
  26  2:34  Warp Gate  
  28  2:44  Probe x2  
  30  2:56  Probe  
  30  2:57  Robotics Facility  
  31  3:08  Stalker  
  31  3:11  Probe x2  
  35  3:23  Probe x2  
  37  3:32  Pylon  
  37  3:35  Probe x2  
  37  3:40  Gateway  
  39  3:44  Observer  
  39  3:47  Probe, Zealot  
  43  3:49  Probe  
  44  3:59  Probe  
  44  4:01  Probe  
  46  4:05  Immortal  
  50  4:11  Probe  
  50  4:13  Probe  
  52  4:18  Assimilator  
  52  4:23  Assimilator  
  52  4:29  Probe x2  
  54  4:41  Probe x2, Forge  
  54  4:42  Forge  
  56  4:52  Pylon  
  56  4:53  Probe  
  56  4:59  Zealot x2  
  61  5:01  Robotics Bay  
  61  5:09  Pylon  
  61  5:17  Immortal  
  65  5:24  Stalker x2  
  65  5:28  Protoss Ground Weapons Level 1, Protoss Ground Armor Level 1  
  69  5:32  Photon Cannon  
  69  5:35  Photon Cannon  
  69  5:53  Nexus  
  69  5:56  Pylon  
  69  6:03  Twilight Council  
  69  6:11  Colossus (Chrono Boost)  
  75  6:23  Gateway  
  75  6:25  Gateway  
  75  6:35  Photon Cannon  
  75  6:37  Photon Cannon  
  75  6:41  Zealot x2  
  79  7:05  Immortal (Chrono Boost)  
  61  7:18  Charge (Chrono Boost)  
  61  7:22  Zealot  
  57  7:23  Zealot  
  57  7:29  Extended Thermal Lance (Chrono Boost)  
  59  7:30  Protoss Ground Weapons Level 2  
  59  7:31  Protoss Ground Armor Level 2  
  59  7:35  Colossus (Chrono Boost)  
  59  7:36  Zealot x2  
  69  7:44  Stalker x2  
  73  8:14  Zealot x2  
  73  8:15  Zealot  
  73  8:16  Zealot  
  81  8:29  Pylon  
  81  8:30  Pylon  
  81  8:46  Stalker x2, Colossus (Chrono Boost)  
  91  9:02  Zealot  
  91  9:03  Zealot  
  95  9:18  Stalker x2  
  99  9:29  Immortal (Chrono Boost)  
  75  9:43  Zealot x4  
Tags
 
Add a new tag
Caveats
  • Supply blocks, unpowered buildings, or Contaminate may cause inaccurate times.
  • Supply counts are checked every 10 seconds.